 Dungeon Crawl Stone Soup version 0.22.1-2-g9c5b331 (webtiles) character file.

16 voilodion the Grave Robber (level 2, -2/19 HPs)
             Began as a Vampire Necromancer on Dec 2, 2018.
             Slain by a hobgoblin
             ... wielding a +0 club
              (6 damage)
             ... on level 1 of the Dungeon.
             The game lasted 00:07:18 (456 turns).

voilodion the Grave Robber (Vampire Necromancer)     Turns: 456, Time: 00:07:19

Health: -2/19      AC:  2    Str:  7    XL:     2   Next: 37%
Magic:  2/5        EV: 12    Int: 17    God:
Gold:   61         SH:  0    Dex: 14    Spells: 3/5 levels left

rFire    . . .     SeeInvis +   b - +0 dagger
rCold    . . .     Gourm    .   (no shield)
rNeg     + . .     Faith    .   a - +0 robe
rPois    .         Spirit   .   (no helmet)
rElec    .         Reflect  .   (no cloak)
rCorr    .         Harm     .   (no gloves)
MR       .....                  (no boots)
Stlth    ++........             (no amulet)
HPRegen  0.06/turn              (no ring)
MPRegen  0.09/turn              (no ring)

@: no status effects
A: fangs 3, see invisible, unbreathing
a: no special abilities


You were on level 1 of the Dungeon.
You were not thirsty.

You visited 1 branch of the dungeon, and saw 1 of its levels.

You collected 61 gold pieces.

Inventory:

Hand Weapons
 b - a +0 dagger (weapon)
 g - a +0 dagger
 j - a +0 club
 m - a +0 dagger
Missiles
 f - 22 stones (quivered)
Armour
 a - a +0 robe (worn)
Scrolls
 d - 2 scrolls of identify {unknown}
 e - a scroll of enchant weapon {unknown}
 i - a scroll of teleportation {unknown}
 l - a scroll of remove curse {unknown}
Potions
 c - a potion of blood
 k - a potion of agility {unknown}
 n - a potion of haste {unknown}
Comestibles
 h - 7 chunks of flesh


   Skills:
 + Level 2.2 Dodging
 + Level 3.0 Stealth
 + Level 2.2 Spellcasting
 + Level 4.9 Necromancy


You had 3 spell levels left.
You knew the following spells:

 Your Spells              Type           Power        Failure   Level  Hunger
a - Pain                  Necr           ###.         2%          1    #......
b - Animate Skeleton      Necr           N/A          2%          1    #......

Your spell library contained the following spells:

 Spells                   Type           Power        Failure   Level  Hunger
 Vampiric Draining        Necr           ###.......   8%          3    ###....
 Regeneration             Chrm/Necr      ##........   21%         3    ###....
 Animate Dead             Necr           N/A          24%         4    #####..


Dungeon Overview and Level Annotations

Branches:
Dungeon (1/15)

Altars:


Innate Abilities, Weirdness & Mutations

You have razor-sharp teeth.
You have supernaturally acute eyesight. (SInv)
You can survive without breathing.


Message History

Casting: Pain (safe; 2% risk of failure)
Confirm with . or Enter, or press ? or * to list all spells.
Aiming: Pain (safe; 2% risk of failure)
Press: ? - help, Shift-Dir - straight line, f/p - kobold
Aim: a kobold (heavily wounded, chance to defeat MR: 89%)
The kobold writhes in agony!
You kill the kobold!
You see here a kobold corpse.
Casting: Pain (safe; 2% risk of failure)
Confirm with . or Enter, or press ? or * to list all spells.
You attempt to give life to the dead...
Before your eyes, flesh is ripped from the corpse!
The dead are walking!
h - 7 chunks of flesh (gained 1)
A hobgoblin comes into view. It is wielding a club.
Found a hunting sling.
A kobold comes into view.
The hobgoblin shouts!
The hobgoblin hits you with a club.
You die...

## .# ### .# #.)
.# #.# .### #.#
... #.# ..
.######.###.# .#
......Kg....#
.###############@#
...........Z..Z..#
##################


You could see a hobgoblin, a kobold, a friendly hobgoblin skeleton and a
friendly kobold skeleton.

Vanquished Creatures
  A dart slug (D:1)
  A leopard gecko (D:1)
  A giant cockroach (D:1)
  A goblin (D:1)
  A hobgoblin (D:1)
  A jackal (D:1)
  3 kobolds (D:1)
  A bat (D:1)
  2 frilled lizards (D:1)
12 creatures vanquished.

Vanquished Creatures (collateral kills)
  A goblin (D:1)
1 creature vanquished.

Grand Total: 13 creatures vanquished

Notes
Turn   | Place    | Note
-------+----------+-------------------------------------------
     0 | D:1      | voilodion the Vampire Necromancer began the quest for the
                  | Orb.
     0 | D:1      | Reached XP level 1. HP: 13/13 MP: 3/3
    13 | D:1      | Learned a level 1 spell: Animate Skeleton
   209 | D:1      | Reached XP level 2. HP: 3/19 MP: 1/5
   456 | D:1      | Slain by a hobgoblin

Action                   || total
-------------------------++-------
Melee: Dagger            ||    13
       Unarmed           ||     2
       Bite              ||     2
 Cast: Pain              ||    17
       Animate Skeleton  ||     5
Armor: Robe              ||     3
Dodge: Dodged            ||    18
